 Dungeon Crawl Stone Soup version 0.27-a0-29-g2d0a2396b0 (webtiles) character file.

Game seed: 14984530966612340496

2387 sahdkjhfkaj the Changer (level 9, -1/76 HPs)
             Began as a Troll Transmuter on Jan 3, 2021.
             Was an Elder of Cheibriados.
             Slain by a gnoll
             ... wielding a +0 halberd
              (15 damage)
             ... on level 7 of the Dungeon.
             The game lasted 00:06:42 (5256 turns).

sahdkjhfkaj the Changer (Troll Transmuter)          Turns: 5256, Time: 00:06:43

Health: -1/76      AC:  6    Str: 29    XL:     9   Next: 22%
Magic:  0/9        EV: 11    Int: 21    God:    Cheibriados [****..]
Gold:   401        SH:  0    Dex: 19    Spells: 2/10 levels left

rFire    . . .     SeeInvis .     - Unarmed
rCold    . . .     Faith    .   (no shield)
rNeg     . . .     Spirit   +   a - +0 robe
rPois    +         Reflect  .   (helmet restricted)
rElec    .         Harm     .   k - scarf {+Inv}
rCorr    .         Rampage  .   (gloves unavailable)
Will     .....                  (boots unavailable)
Stlth    ++........             g - amulet of guardian spirit
HPRegen  0.62/turn              y - +4 ring of slaying
MPRegen  0.11/turn              r - ring of poison resistance

@: attractive, very slow
A: large, unfitting armour, claws 3, regeneration 1, shaggy fur 1, tough skin 3
a: Renounce Religion, Evoke Invisibility, Bend Time, Temporal Distortion, Slouch


You were on level 7 of the Dungeon.
You worshipped Cheibriados.
Cheibriados was greatly pleased with you.
You visited 1 branch of the dungeon, and saw 7 of its levels.

You collected 401 gold pieces.

Inventory:

Armour
 a - a +0 robe (worn)
 k - a scarf of invisibility (worn)
Jewellery
 c - a cursed +6 ring of intelligence {unknown}
 g - an amulet of guardian spirit (around neck)
 r - a ring of poison resistance (right claw)
 y - a +4 ring of slaying (left claw)
Wands
 m - a wand of disintegration (15)
 v - a wand of iceblast (3)
 z - a wand of polymorph (6)
 A - a wand of paralysis (7)
Scrolls
 f - a scroll of identify
 i - 2 scrolls of magic mapping
 j - a scroll of noise
 l - 2 scrolls of teleportation {!r}
 o - 7 scrolls of remove curse
 p - 2 scrolls of immolation {unknown}
 s - a scroll of enchant weapon
 t - a scroll of enchant armour {unknown}
 u - 2 scrolls of amnesia {unknown}
Potions
 b - a potion of ambrosia {unknown}
 d - a potion of haste
 e - 2 potions of brilliance
 h - a potion of heal wounds
 n - 2 potions of degeneration {unknown}
 q - 2 potions of attraction
 w - 2 potions of invisibility {unknown}
 x - 3 potions of flight


   Skills:
 - Level 1.0 Fighting
 - Level 2.0 Dodging
 + Level 7.7 Unarmed Combat
 - Level 1.2 Spellcasting
 * Level 7.9 Transmutations


You had 2 spell levels left.
You knew the following spells:

 Your Spells              Type           Power        Failure   Level
a - Beastly Appendage     Tmut           68%          1%          1
A - Blade Hands           Tmut           17%          17%         5
T - Wereblood             Tmut           34%          1%          2

Your spell library contained the following spells:

 Spells                   Type           Power        Failure   Level
 Shock                    Conj/Air       4%           16%         1
 Swiftness                Air            1%           24%         2
 Spider Form              Tmut/Pois      8%           10%         3
 Ice Form                 Ice/Tmut       17%          30%         4
 Static Discharge         Conj/Air       1%           43%         3
 Airstrike                Air            0%           85%         4
 Lightning Bolt           Conj/Air       0%           99%         5


Dungeon Overview and Level Annotations

Branches:
Dungeon (7/15)             Temple (0/1) D:5

Altars:
Cheibriados
Fedhas
Gozag
Makhleb
Okawaru
Ru
Vehumet


Innate Abilities, Weirdness & Mutations

You are too large for most types of armour.
You have claws for hands.
Your natural rate of healing is unusually fast.
You are covered in fur. (AC +1)
You have extremely tough skin. (AC +3)


Message History

The gnoll misses you.
You claw the gnoll!
The gnoll is severely wounded.
The gnoll shaman hits you with a +0 club.
* * * LOW HITPOINT WARNING * * *
The gnoll hits you with a +0 halberd.
* * * LOW HITPOINT WARNING * * *
You barely miss the gnoll.
The gnoll is severely wounded.
The gnoll shaman hits you with a +0 club.
* * * LOW HITPOINT WARNING * * *
The gnoll completely misses you.
You closely miss the gnoll.
The gnoll is severely wounded.
The gnoll shaman hits you but does no damage.
Unknown command.
It was a potion of attraction.
You feel attractive to monsters. The gnoll hits you with a +0 halberd!
You die...

###### #### ####....####
.....###..........##
......g......)..(.(##
#.....g@.†.......(..###
####.......(?.....(...##
###.................#
#..................
#..................
#..................
#<............)....
...................
.................


You could see a gnoll shaman and a gnoll.

Vanquished Creatures
  A troll (D:7)
  A sky beast (D:5)
  An orc warrior (D:7)
  3 ice beasts
  A phantom (D:4)
  An ogre (D:6)
  3 centaurs
  A scorpion (D:6)
  3 killer bees (D:7)
  7 wights
  A quasit (D:6)
  3 hounds
  3 orc wizards
  2 bullfrog skeletons
  An iguana (D:4)
  6 worker ants
  A hound skeleton (D:4)
  13 gnolls
  10 adders
  A white imp (D:5)
  An adder skeleton (D:5)
  3 worms
  3 dart slugs
  5 leopard geckos
  36 orcs
  4 giant cockroaches
  4 goblins
  9 hobgoblins
  6 jackals
  5 quokkas
  2 ball pythons
  4 bats
  5 frilled lizards
  A jackal skeleton (D:4)
  11 kobolds
  5 rats
167 creatures vanquished.

Notes
Turn   | Place    | Note
-------+----------+-------------------------------------------
     0 | D:1      | sahdkjhfkaj the Troll Transmuter began the quest for the
                  | Orb.
     0 | D:1      | Reached XP level 1. HP: 18/18 MP: 1/1
    97 | D:1      | Reached skill level 1 in Fighting
   220 | D:1      | Reached XP level 2. HP: 27/27 MP: 2/2
   275 | D:1      | Learned a level 2 spell: Wereblood
   908 | D:2      | Reached XP level 3. HP: 31/33 MP: 3/3
  1459 | D:2      | Reached XP level 4. HP: 41/41 MP: 4/4
  1684 | D:2      | Found a radiant altar of Vehumet.
  1684 | D:2      | Found a snail-covered altar of Cheibriados.
  1730 | D:2      | Became a worshipper of Cheibriados the Contemplative
  2066 | D:3      | Reached XP level 5. HP: 48/48 MP: 5/5
  2101 | D:3      | Found a faded altar of an unknown god.
  2150 | D:3      | Reached * piety under Cheibriados
  2495 | D:4      | Found a burning altar of Makhleb.
  2550 | D:4      | Noticed a phantom
  2593 | D:4      | Killed a phantom
  2594 | D:4      | Reached XP level 6. HP: 36/55 MP: 6/6
  2857 | D:4      | Reached ** piety under Cheibriados
  3005 | D:4      | Found a sacrificial altar of Ru.
  3226 | D:4      | Reached skill level 5 in Unarmed Combat
  3247 | D:5      | Entered Level 5 of the Dungeon
  3278 | D:5      | Noticed an ice beast
  3286 | D:5      | Killed an ice beast
  3287 | D:5      | Reached XP level 7. HP: 57/62 MP: 5/7
  3309 | D:5      | Found a staircase to the Ecumenical Temple.
  3418 | D:5      | Reached skill level 5 in Transmutations
  3502 | D:5      | Learned a level 5 spell: Blade Hands
  3661 | D:5      | Found a blossoming altar of Fedhas.
  4137 | D:5      | Reached XP level 8. HP: 48/62 MP: 6/8
  4320 | D:6      | Found an opulent altar of Gozag.
  4381 | D:6      | Reached *** piety under Cheibriados
  4417 | D:6      | HP: 1/64 [wight/+0 spear (6)]
  4697 | D:7      | Found an opulent altar of Gozag.
  4815 | D:7      | Noticed a troll
  4820 | D:7      | Killed a troll
  4821 | D:7      | Reached XP level 9. HP: 70/76 MP: 3/9
  5184 | D:7      | Found an iron altar of Okawaru.
  5238 | D:7      | Reached **** piety under Cheibriados
  5256 | D:7      | Slain by a gnoll

Illustrated notes

Levels and vault maps discovered:
D:1:      lightli_arrival_isolated_outpost, layout_basic
D:2:      layout_basic, gammafunk_temple_overflow_wave
D:3:      layout_rooms, chequers_ecumenical_altar_grove
D:4:      layout_basic, old_standard_altar, marbit_many_paths, moated_statue,
          minmay_bent
D:5:      layout_loops_ring, minmay_temple_entry_sparse_star,
          fedhas_bush_and_centaur_altar
D:6:      layout_rooms, serial_glass, glass_columns_c, glass_columns_a,
          minmay_misc_feat_diagonals,
          nicolae_gozag_cash_rules_everything_around_me
D:7:      layout_cave_pods, kennysheep_little_box, basic_altar

Skill      XL: |  1  2  3  4  5  6  7  8 |
---------------+-------------------------+-----
Fighting       | 1 |  1.0
Dodging        | 2 |  2.0
Transmutations | 2 3 4 5 7 |  7.9
Unarmed Combat | 4 5 6 7 |  7.7
Spellcasting   | |  1.2

Action                   |  1- 3 |  4- 6 |  7- 9 || total
-------------------------+-------+-------+-------++-------
Melee: Unarmed           |    95 |   221 |   162 ||   478
       Punch             |     1 |     4 |     6 ||    11
 Cast: Wereblood         |     4 |       |       ||     4
       Blade Hands       |       |       |     6 ||     6
  Use: Scroll            |     1 |     6 |     2 ||     9
       Potion            |     1 |       |     7 ||     8
 Stab: Distracted        |       |     2 |       ||     2
       Sleeping          |       |     1 |       ||     1
Armor: Robe              |    22 |    94 |    55 ||   171
Dodge: Dodged            |    39 |   106 |    89 ||   234

Table legend: (Time is in decaauts)
 A = Elapsed time spent in this place.
 B = Non-inter-level travel time spent in this place.
 C = Inter-level travel time spent in this place.
 D = Time resting spent in this place.
 E = Time spent auto-exploring this place.
 F = Levels seen in this place.
 G = Mean time per level.
                   A        B        C        D        E       F      G
               +--------+--------+--------+--------+--------+-----+--------+
         Total |   6207 |   5964 |    243 |    109 |   4743 |   7 |  886.7 |
       Dungeon |   6207 |   5964 |    243 |    109 |   4743 |   7 |  886.7 |
               +--------+--------+--------+--------+--------+-----+--------+

Top non-repeatable levels by time:
     D:5: 1205 daAuts
     D:4: 1180 daAuts
     D:2: 929 daAuts
     D:1: 813 daAuts
     D:7: 723 daAuts
     D:3: 685 daAuts
     D:6: 670 daAuts
